SA
SYRACUSE STORM @ HAMMOND HERONS
07/21/2031
 
TOP OF THE 1ST
Syracuse Storm batting - Pitching for Hammond Herons : RHP Sjelle Matena
Pitching: RHP Sjelle Matena
Batting: LHB Ed Gordon 0-0: Called Strike
0-1: Foul Ball, location: 2F
0-2: Ground out 4-3 (Groundball, 4)
Batting: RHB José García 0-0: Ground out 3-1 (Groundball, 34)
Batting: LHB Salvador Ramírez 0-0: Ball
1-0: Swinging Strike
1-1: Called Strike
1-2: SINGLE (Line Drive, 8RS)
Batting: LHB William Duffy Pickoff Throw to First - Out!
Top of the 1st over - 0 runs, 1 hit, 0 errors, 0 left on base; Syracuse 0 - Hammond 0
BOTTOM OF THE 1ST
Hammond Herons batting - Pitching for Syracuse Storm : RHP Zach Pinyerrel
Pitching: RHP Zach Pinyerrel
Batting: RHB Mike Peoples 0-0: Ball
1-0: Called Strike
1-1: Ball
2-1: Bunt for hit - play at first, batter safe!
Batting: RHB Dallas Jiménez 0-0: Foul Ball, location: 2F
0-1: Ball
1-1: Ball
2-1: Called Strike
Mike Peoples steals 2nd base
2-2: Foul Ball, location: 2F
2-2: Strikes out swinging
Batting: LHB Raymond Dudzinski 0-0: Called Strike
0-1: Ball
1-1: Called Strike
1-2: Ball
2-2: Foul Ball, location: 2F
2-2: Fly out, F7 (Line Drive, 7)
Batting: RHB Marvin Overbeek 0-0: Called Strike
0-1: Called Strike
0-2: Ball
1-2: Ball
2-2: Strikes out swinging
Bottom of the 1st over - 0 runs, 1 hit, 0 errors, 1 left on base; Syracuse 0 - Hammond 0
TOP OF THE 2ND
Syracuse Storm batting - Pitching for Hammond Herons : RHP Sjelle Matena
Batting: LHB William Duffy 0-0: Ball
1-0: Ball
2-0: Ball
3-0: Base on Balls
Batting: LHB Rafael Longoria 0-0: Ball
1-0: Called Strike
1-1: Foul Ball, location: 2F
1-2: Strikes out looking
William Duffy steals 2nd base
Batter strikes out.
Batting: LHB Dave Milligan 0-0: Ball
1-0: Ball
2-0: Foul Ball, location: 2F
2-1: SINGLE (Line Drive, 8RS)
William Duffy to third
Batting: RHB Javier Sandoval 0-0: Foul Ball, location: 2F
0-1: Swinging Strike
0-2: Strikes out looking
Batting: RHB Nelson Morán 0-0: Ball
1-0: Called Strike
1-1: Swinging Strike
1-2: Ball
2-2: Ball
3-2: Foul Ball, location: 2F
3-2: Foul Ball, location: 2F
3-2: Strikes out swinging
Top of the 2nd over - 0 runs, 1 hit, 0 errors, 2 left on base; Syracuse 0 - Hammond 0
BOTTOM OF THE 2ND
Hammond Herons batting - Pitching for Syracuse Storm : RHP Zach Pinyerrel
Batting: RHB José Álvarez 0-0: Ball
1-0: Swinging Strike
1-1: Foul Ball, location: 2F
1-2: Ball
2-2: Strikes out swinging
Batting: RHB Tonito Lamoste 0-0: Ground out 6-3 (Groundball, 6)
Batting: RHB Sean Sherman 0-0: Foul Ball, location: 2F
0-1: Foul Ball, location: 2F
0-2: Ball
1-2: Strikes out swinging
Bottom of the 2nd over - 0 runs, 0 hits, 0 errors, 0 left on base; Syracuse 0 - Hammond 0
TOP OF THE 3RD
Syracuse Storm batting - Pitching for Hammond Herons : RHP Sjelle Matena
Batting: SHB Franck Kooijmans 0-0: Ball
1-0: Ground out 1-3 (Groundball, 13S)
Batting: LHB Ed Gordon 0-0: Swinging Strike
0-1: Ground out 6-3 (Groundball, 6)
Batting: RHB José García 0-0: Ball
1-0: Ball
2-0: Ball
3-0: Called Strike
3-1: Foul Ball, location: 2F
3-2: Foul Ball, location: 2F
3-2: Foul Ball, location: 2F
3-2: Ground out 1-3 (Groundball, 13S)
Top of the 3rd over - 0 runs, 0 hits, 0 errors, 0 left on base; Syracuse 0 - Hammond 0
BOTTOM OF THE 3RD
Hammond Herons batting - Pitching for Syracuse Storm : RHP Zach Pinyerrel
Batting: RHB Jen-ta Men 0-0: Called Strike
0-1: Swinging Strike
0-2: Ball
1-2: Strikes out swinging
Batting: RHB Hans Rager 0-0: Called Strike
0-1: Fly out, F9 (Flyball, 89D)
Batting: RHB Mike Peoples 0-0: Called Strike
0-1: Reached on error, E6 (Groundball, 6S)
Batting: RHB Dallas Jiménez 0-0: Called Strike
0-1: Ball
1-1: Called Strike
1-2: Foul Ball, location: 2F
1-2: Ball
2-2: Fly out, F7 (Flyball, 7D)
Bottom of the 3rd over - 0 runs, 0 hits, 1 error, 1 left on base; Syracuse 0 - Hammond 0
TOP OF THE 4TH
Syracuse Storm batting - Pitching for Hammond Herons : RHP Sjelle Matena
Batting: LHB Salvador Ramírez 0-0: Fly out, F6 (Popup, 6M)
Batting: LHB William Duffy 0-0: Ball
1-0: Ball
2-0: Fly out, F4 (Line Drive, 4)
Batting: LHB Rafael Longoria 0-0: Foul Ball, location: 2F
0-1: Ground out 6-3 (Groundball, 6)
Top of the 4th over - 0 runs, 0 hits, 0 errors, 0 left on base; Syracuse 0 - Hammond 0
BOTTOM OF THE 4TH
Hammond Herons batting - Pitching for Syracuse Storm : RHP Zach Pinyerrel
Batting: LHB Raymond Dudzinski 0-0: Ball
1-0: SINGLE (Groundball, 4D)
Batting: RHB Marvin Overbeek 0-0: Ball
1-0: Called Strike
1-1: Ball
2-1: Foul Ball, location: 2F
2-2: Ball
3-2: Fly out, F8 (Flyball, 8LM)
Batting: RHB José Álvarez 0-0: Ball
1-0: SINGLE (Line Drive, 6D)
Raymond Dudzinski to second
Batting: RHB Tonito Lamoste 0-0: Called Strike
0-1: Ball
1-1: Called Strike
1-2: Ball
2-2: Foul Ball, location: 2F
2-2: Ball
3-2: Strikes out swinging
Batting: RHB Sean Sherman 0-0: Foul Ball, location: 2F
0-1: Foul Ball, location: 2F
0-2: Fly out, F6 (Popup, 6S)
Bottom of the 4th over - 0 runs, 2 hits, 0 errors, 2 left on base; Syracuse 0 - Hammond 0
TOP OF THE 5TH
Syracuse Storm batting - Pitching for Hammond Herons : RHP Marvin Miranda
Pitching: RHP Marvin Miranda
Batting: LHB Dave Milligan 0-0: Ball
1-0: Ball
2-0: Ball
3-0: Base on Balls
Batting: RHB Javier Sandoval 0-0: Bunted foul
0-1: Sac Bunt - play at first, batter OUT! 1-4
Dave Milligan to second
Batting: RHB Nelson Morán 0-0: Ball
1-0: Foul Ball, location: 2F
1-1: Ball
2-1: Swinging Strike
2-2: Strikes out swinging
Batting: SHB Franck Kooijmans 0-0: Swinging Strike
0-1: Ball
1-1: Called Strike
1-2: Foul Ball, location: 2F
1-2: Strikes out swinging
Top of the 5th over - 0 runs, 0 hits, 0 errors, 1 left on base; Syracuse 0 - Hammond 0
BOTTOM OF THE 5TH
Hammond Herons batting - Pitching for Syracuse Storm : RHP Zach Pinyerrel
Batting: RHB Jen-ta Men 0-0: Swinging Strike
0-1: Ball
1-1: Ground out 5-3 (Groundball, 5L)
Batting: RHB Hans Rager 0-0: Ground out 4-3 (Groundball, 4)
Batting: RHB Mike Peoples 0-0: Called Strike
0-1: Ball
1-1: Ball
2-1: Foul Ball, location: 2F
2-2: Foul Ball, location: 2F
2-2: Ground out 5-3 (Groundball, 56)
Bottom of the 5th over - 0 runs, 0 hits, 0 errors, 0 left on base; Syracuse 0 - Hammond 0
TOP OF THE 6TH
Syracuse Storm batting - Pitching for Hammond Herons : RHP Marvin Miranda
Batting: LHB Ed Gordon 0-0: Ball
1-0: Ball
2-0: Ball
3-0: Base on Balls
Batting: RHB José García 0-0: Sac Bunt - play at first, batter OUT! 1-4
Ed Gordon to second
Batting: LHB Salvador Ramírez 0-0: Ball
1-0: Ball
Ed Gordon steals 3rd base
2-0: Fly out, F4 (Popup, 4MS)
Batting: LHB William Duffy 0-0: Called Strike
0-1: Ball
1-1: SINGLE (Line Drive, 5D)
Ed Gordon scores
Batting: LHB Rafael Longoria 0-0: Swinging Strike
0-1: Called Strike
0-2: Foul Ball, location: 2F
0-2: Foul Ball, location: 2F
0-2: SINGLE (Flyball, 8LS)
William Duffy to second
Batting: LHB Dave Milligan 0-0: Ball
1-0: Foul Ball, location: 2F
1-1: Ball
2-1: Fly out, F9 (Flyball, 9)
Top of the 6th over - 1 run, 2 hits, 0 errors, 2 left on base; Syracuse 1 - Hammond 0
BOTTOM OF THE 6TH
Hammond Herons batting - Pitching for Syracuse Storm : RHP Zach Pinyerrel
Batting: RHB Dallas Jiménez 0-0: Ground out 4-3 (Groundball, 4S)
Batting: LHB Raymond Dudzinski 0-0: Ball
1-0: Called Strike
1-1: Fly out, F9 (Flyball, 9)
Batting: RHB Marvin Overbeek 0-0: Ball
1-0: Called Strike
1-1: Ball
2-1: Ball
3-1: Base on Balls
Batting: RHB José Álvarez 0-0: Ball
Marvin Overbeek steals 2nd base
1-0: SINGLE (Line Drive, 6M)
Marvin Overbeek to third
Runner from 3rd tries for Home, SAFE, no throw
Batting: RHB Tonito Lamoste 0-0: Called Strike
Pickoff Throw by Catcher to First - Out!
Bottom of the 6th over - 1 run, 1 hit, 0 errors, 0 left on base; Syracuse 1 - Hammond 1
TOP OF THE 7TH
Syracuse Storm batting - Pitching for Hammond Herons : RHP Marvin Miranda
Pinch Hitting: LHB Bora Garasanin 0-0: Hit by Pitch
Batting: RHB Nelson Morán 0-0: Foul Ball, location: 2F
0-1: Sac Bunt - play at first, batter OUT! U3
Bora Garasanin to second
Pinch Hitting: LHB Seung-min Sin 0-0: Called Strike
0-1: Ball
1-1: Called Strike
1-2: SINGLE (Line Drive, 78S)
Bora Garasanin to third
Batting: LHB Ed Gordon 0-0: Ball
1-0: SINGLE (Line Drive, 9S)
Bora Garasanin scores
Seung-min Sin to second
Pitching: RHP Sun Kwan
Batting: RHB José García 0-0: Ball
1-0: Ball
2-0: Foul Ball, location: 2F
2-1: Ground out 5-3 (Groundball, 56)
Seung-min Sin to third
Ed Gordon to second
Batting: LHB Salvador Ramírez 0-0: Called Strike
0-1: Foul Ball, location: 2F
0-2: SINGLE (Flyball, 89S)
Seung-min Sin scores
Ed Gordon to third
Runner from 3rd tries for Home, SAFE, no throw
Batting: LHB William Duffy 0-0: SINGLE (Flyball, 89M)
Salvador Ramírez to second
Runner from 2nd tries for 3rd, SAFE, no throw
Batting: LHB Rafael Longoria 0-0: Fly out, F9 (Flyball, 89M)
Top of the 7th over - 3 runs, 4 hits, 0 errors, 2 left on base; Syracuse 4 - Hammond 1
BOTTOM OF THE 7TH
Hammond Herons batting - Pitching for Syracuse Storm : RHP Zach Pinyerrel
Now at 3B: Adrián Medina
Now at SS: Seung-min Sin
Batting: RHB Tonito Lamoste 0-0: Ball
1-0: Called Strike
1-1: Swinging Strike
1-2: Foul Ball, location: 2F
1-2: Ball
2-2: Ball
3-2: Strikes out swinging
Batting: RHB Sean Sherman 0-0: Ball
1-0: Ball
2-0: Ball
3-0: Called Strike
3-1: Base on Balls
Batting: RHB Jen-ta Men 0-0: Ball
1-0: Foul Ball, location: 2F
1-1: Fly out, F7 (Flyball, 7)
Batting: RHB Hans Rager 0-0: DOUBLE (Groundball, 3L)
Sean Sherman to third
Batting: RHB Mike Peoples 0-0: Ball
1-0: Ball
2-0: Ground out 4-3 (Groundball, 4S)
Bottom of the 7th over - 0 runs, 1 hit, 0 errors, 2 left on base; Syracuse 4 - Hammond 1
TOP OF THE 8TH
Syracuse Storm batting - Pitching for Hammond Herons : RHP Sun Kwan
Batting: LHB Dave Milligan 0-0: Fly out, F4 (Popup, 4M)
Batting: RHB Adrián Medina 0-0: Ball
1-0: Called Strike
1-1: Ball
2-1: Swinging Strike
2-2: Strikes out looking
Batting: RHB Nelson Morán 0-0: Called Strike
0-1: SINGLE (Groundball, 56D)
Batting: LHB Seung-min Sin 0-0: Called Strike
0-1: Swinging Strike
Passed Ball!
Nelson Morán to second
0-2: Ball
1-2: Ball
2-2: Foul Ball, location: 2F
2-2: Strikes out looking
Top of the 8th over - 0 runs, 1 hit, 0 errors, 1 left on base; Syracuse 4 - Hammond 1
BOTTOM OF THE 8TH
Hammond Herons batting - Pitching for Syracuse Storm : RHP Zach Pinyerrel
Batting: RHB Dallas Jiménez 0-0: Called Strike
0-1: Ball
1-1: DOUBLE (Groundball, 5L)
Batting: LHB Raymond Dudzinski 0-0: Swinging Strike
0-1: Foul Ball, location: 2F
0-2: Foul Ball, location: 2F
0-2: SINGLE (Line Drive, 4MD)
Dallas Jiménez to third
Pitching: RHP José Trejo
Batting: RHB Marvin Overbeek 0-0: Ball
1-0: Swinging Strike
1-1: Foul Ball, location: 2F
1-2: Foul Ball, location: 2F
1-2: Strikes out swinging
Batting: RHB José Álvarez 0-0: Swinging Strike
0-1: Foul Ball, location: 2F
0-2: Foul Ball, location: 2F
0-2: Ball
1-2: Strikes out looking
Batting: RHB Tonito Lamoste 0-0: Called Strike
0-1: Foul Ball, location: 2F
0-2: Strikes out swinging
Bottom of the 8th over - 0 runs, 2 hits, 0 errors, 2 left on base; Syracuse 4 - Hammond 1
TOP OF THE 9TH
Syracuse Storm batting - Pitching for Hammond Herons : RHP Sun Kwan
Batting: LHB Ed Gordon 0-0: Ball
1-0: Foul Ball, location: 2F
1-1: Ground out 6-3 (Groundball, 6)
Batting: RHB José García 0-0: Called Strike
0-1: Swinging Strike
0-2: Ball
1-2: Ball
2-2: Ball
3-2: Strikes out looking
Batting: LHB Salvador Ramírez 0-0: Called Strike
0-1: Swinging Strike
0-2: Fly out, F4 (Flyball, 4D)
Top of the 9th over - 0 runs, 0 hits, 0 errors, 0 left on base; Syracuse 4 - Hammond 1
BOTTOM OF THE 9TH
Hammond Herons batting - Pitching for Syracuse Storm : RHP José Trejo
Pitching: LHP Peter Ventola
Batting: RHB Sean Sherman 0-0: Called Strike
0-1: Fly out, F5 (Line Drive, 5)
Batting: RHB Jen-ta Men 0-0: Swinging Strike
0-1: Ball
1-1: Swinging Strike
1-2: Ball
2-2: Foul Ball, location: 2F
2-2: Ball
3-2: Foul Ball, location: 2F
3-2: Foul Ball, location: 2F
3-2: Strikes out looking
Batting: RHB Hans Rager 0-0: Called Strike
0-1: Called Strike
0-2: Ball
1-2: Strikes out swinging
Bottom of the 9th over - 0 runs, 0 hits, 0 errors, 0 left on base; Syracuse 4 - Hammond 1
Tuesday, June 12th, 2018 - OOTP Baseball 18.8 Build 76